[Event "*** SCC Grand Prix: Titled Tuesday Blitz"]
[Site "Chess.com"]
[Date "2020.08.04"]
[Round "2"]
[White "Lagmantr"]
[Black "penguingm1"]
[Result "1-0"]
[WhiteElo "2636"]
[BlackElo "2941"]
[TimeControl "180+1"]
[EndTime "14:02:56 PDT"]
[Termination "Lagmantr won by checkmate"]

1. e4 e5 2. Nf3 Nc6 3. Nc3 Nf6 4.
Be2 d5 5. exd5 Nxd5 6. O-O Nxc3 7. bxc3 Bd6 8. d4 exd4 9. cxd4 O-O 10. c3 Bf5 11. Bd3 Qd7 12. Rb1 Rab8 13. Rb5 Ne7 14. Re1 Bxd3 15. Qxd3 c5 16. Rb2 cxd4 17. Nxd4 Ng6 18. Rbe2 a6 19. h3 Rbd8 20. Qf3 Bc5 21. Bg5 Rc8 22. Nf5 Qc6 23. Qg4 Rfe8 24. h4 f6 25. Bc1 Qc7 26. Rxe8+ Rxe8 27. Rxe8+ Kf7 28. Re1 Ba7 29. Qe4 Ne5 30. Bf4 Qc5 31. Nd4 Bb8 32. Bxe5 Bxe5 33. Nf3 Qxc3 34. Nxe5+ fxe5 35.
Qxe5 Qb4 36. Qe8+ Kf6 37. Qe6# 1-0

[Event "*** SCC Grand Prix: Titled Tuesday Blitz"]
[Site "Chess.com"]
[Date "2020.08.04"]
[Round "2"]
[White "alexrustemov"]
[Black "Caterpiller35"]
[Result "1-0"]
[WhiteElo "2743"]
[BlackElo "2383"]
[TimeControl "180+1"]
[EndTime "14:02:57 PDT"]
[Termination "alexrustemov won on time"]

1. d4 Nf6 2. Nf3 e6 3. c4 Bb4+ 4. Bd2 Qe7 5. g3 Nc6 6. Nc3 d6 7. Bg2 O-O 8. O-O e5 9. dxe5 Nxe5 10. Nd5 Nxd5 11. cxd5 Bc5 12. Nxe5 dxe5 13. Rc1 Bb6 14. Qb3 Rd8 15. Bb4 Qf6 16. Bc5 Bg4 17. e3 Bf3 18.
Bxb6 cxb6 19. e4 Bxg2 20. Kxg2 Rd7 21. Rc4 Rad8 22. Rfc1 h5 23. Qf3 Qg6 24. Rc8 Rxc8 25. Rxc8+ Kh7 26. h3 b5 27. Re8 f6 28. Rc8 a6 29. g4 hxg4 30. hxg4 Qg5 31. Qf5+ Qxf5 32. gxf5 g6 33. fxg6+ Kxg6 34. Kg3 f5 35. f3 f4+ 36. Kg4 Rg7 37. Rf8 Rc7 38. Re8 Rc2 39. Re6+ Kf7 40. Rxe5 Rxb2 41. Rh5 Rxa2 42. e5 Rd2 43.
Rh7+ Kg6 44. Rd7 b4 45. Kxf4 b5 46. Rd6+ Kf7 47. Rxa6 b3 48. Ra3 b2 49. Rb3 1-0

[Event "*** SCC Grand Prix: Titled Tuesday Blitz"]
[Site "Chess.com"]
[Date "2020.08.04"]
[Round "2"]
[White "crescentmoon2411"]
[Black "RitvarsReimanis"]
[Result "1-0"]
[WhiteElo "2793"]
[BlackElo "2508"]
[TimeControl "180+1"]
[EndTime "14:02:59 PDT"]
[Termination "crescentmoon2411 won on time"]

1. c4 e6 2. Nc3 d5 3. d4 Nf6 4. cxd5 exd5 5. Bg5 c6 6. e3 Nbd7 7. Bd3 Be7 8. Qc2 O-O 9. Nf3 Re8 10. h3 Nf8 11. O-O Ng6 12. Rfe1 Ne4 13. Bxe4 Bxg5 14.
Bf5 Be7 15. a3 a5 16. Bxc8 Rxc8 17. Reb1 Ra8 18. Na4 Nf8 19. b4 axb4 20. axb4 Bd6 21. Nc5 Qb6 22. Rxa8 Rxa8 23. b5 cxb5 24. Qb3 Bxc5 25.
dxc5 Qxc5 26. Qxb5 Qxb5 27. Rxb5 Rb8 28. Nd4 b6 29.
Rxd5 Ne6 30. Nb5 Rd8 31. Rxd8+ Nxd8 32. e4 Kf8 33. f4 Ne6 34. g3 Nc5 35. e5 g5 36. Kf2 gxf4 37. gxf4 f6 38. Ke3 fxe5 39. fxe5 Ke7 40. Kf4 Ke6 41. Nc7+ Kd7 42. Nd5 b5 43. Kf5 Kc6 44. Nb4+ Kd7 45. h4 Ke7 46. Nd5+ Kd7 47. Kf6 Ne4+ 48. Kf7 Nc5 49. h5 Ne6 50. Nf6+ 1-0

[Event "*** SCC Grand Prix: Titled Tuesday Blitz"]
[Site "Chess.com"]
[Date "2020.08.04"]
[Round "2"]
[White "dalmatinac101"]
[Black "VladaSviridova"]
[Result "1-0"]
[WhiteElo "2702"]
[BlackElo "2179"]
[TimeControl "180+1"]
[EndTime "14:03:00 PDT"]
[Termination "dalmatinac101 won by resignation"]

1. Nf3 d5 2. g3 Nf6 3. Bg2 c6 4. d3 Bf5 5. Nbd2 e6 6. Nh4 Bg4 7. h3 Bh5 8. c4 Nbd7 9. g4 Bg6 10. Nxg6 hxg6 11. cxd5 cxd5 12. O-O Bd6 13. e4 dxe4 14. dxe4 Qc7 15. Re1 Ne5 16. Qa4+ Qd7 17. Qxd7+ Nfxd7 18.
Nb3 Ke7 19. Rd1 Nc4 20. Bf1 Rac8 21. f4 e5 22. f5 gxf5 23. exf5 f6 24. Kg2 b6 25.
Bxc4 Rxc4 26. Be3 Rhc8 27. Rac1 Rxc1 28. Rxc1 Rxc1 29. Nxc1 Nc5 30. Bxc5 Bxc5 31. Kf3 Kd6 32. Ke4 Bd4 33. Nd3 a5 34. a4 Bg1 35. h4 Bd4 36. g5 fxg5 37. hxg5 Ke7 38. Kd5 Be3 39.
g6 Kf6 40. Ke4 Bd4 41. b4 axb4 42. Nxb4 Bc5 43. Nd5+ Kg5 44. Kxe5 Kg4 45. f6 gxf6+ 46. Nxf6+ Kg5 47. g7 Kh6 48. g8=Q 1-0

[Event "*** SCC Grand Prix: Titled Tuesday Blitz"]
[Site "Chess.com"]
[Date "2020.08.04"]
[Round "2"]
[White "spacegirl987"]
[Black "kasparicy"]
[Result "0-1"]
[WhiteElo "1947"]
[BlackElo "2375"]
[TimeControl "180+1"]
[EndTime "14:03:00 PDT"]
[Termination "kasparicy won by resignation"]

1. e4 c5 2. Nf3 d6 3. d4 cxd4 4. Nxd4 Nf6 5. Nc3 a6 6. f3 e6 7. Be3 b5 8. Qd2 b4 9. Nce2 e5 10. Nb3 Nc6 11. Ng3 Be6 12. Be2 d5 13. exd5 Nxd5 14.
Bc5 Be7 15. O-O O-O 16. Bxe7 Qxe7 17. Bc4 Rad8 18. Bxd5 Rxd5 19. Qe3 a5 20. Ne4 a4 21. Nbc5 Nd4 22. Nxe6 Qxe6 23. Rac1 f5 24. Ng5 Qd6 25. Rfe1 h6 26. Nh3 Rc8 27. Nf2 Rxc2 28. Nd3 Rxc1 29. Rxc1 Nc2 30. Rxc2 Rxd3 31. Qa7 b3 32. axb3 axb3 33. Re2 Kh7 34. Kf2 Rd2 35. Qa5 Qd4+ 36. Kf1 Rxe2 37. Kxe2 Qxb2+ 38. Ke3 Qd4+ 39. Ke2 Qc4+ 40.
Kd2 Qc2+ 41. Ke3 b2 42. Qxe5 b1=Q 0-1

[Event "*** SCC Grand Prix: Titled Tuesday Blitz"]
[Site "Chess.com"]
[Date "2020.08.04"]
[Round "2"]
[White "Pultis"]
[Black "ellatambien"]
[Result "1-0"]
[WhiteElo "2724"]
[BlackElo "2316"]
[TimeControl "180+1"]
[EndTime "14:03:02 PDT"]
[Termination "Pultis won on time"]

1. Nf3 Nf6 2. e3 c5 3. c4 g6 4. b3 Bg7 5. Bb2 O-O 6. Be2 Nc6 7. O-O d6 8. Nc3 Rb8 9. Rc1 a6 10. d4 cxd4 11. Nxd4 Bd7 12. Nd5 Nxd5 13. cxd5 Nxd4 14. Bxd4 Rc8 15. Bxg7 Kxg7 16. Qd4+ f6 17. Qb4 b5 18.
Qd4 Qa5 19. Qa7 Rxc1 20. Rxc1 Qd2 21. Rf1 Qxe2 22. Qxd7 Rf7 23. a4 Qd3 24. axb5 axb5 25. Qe6 Qxb3 26. h4 Qd3 27. h5 gxh5 28. Rc1 b4 29. Rc7 Qb1+ 30. Kh2 Qb2 31. f4 Qf2 32. Kh3 h4 33. Qg4+ Kh6 34. Qxh4+ Qxh4+ 35. Kxh4 f5 36. Rb7 Rg7 37. g3 Kg6 38. Rxb4 Kf6 39. e4 fxe4 40.
Rxe4 Rg8 41. Re6+ Kf7 42. g4 Rg6 43. Re4 Rh6+ 44. Kg3 Rh1 45. Rd4 Re1 46. Kh4 Rh1+ 47. Kg5 h6+ 48. Kf5 Re1 49. Rd3 1-0

[Event "*** SCC Grand Prix: Titled Tuesday Blitz"]
[Site "Chess.com"]
[Date "2020.08.04"]
[Round "2"]
[White "boasovietica"]
[Black "BikingBrian"]
[Result "1-0"]
[WhiteElo "2421"]
[BlackElo "2159"]
[TimeControl "180+1"]
[EndTime "14:03:03 PDT"]
[Termination "boasovietica won by resignation"]

1. e4 c5 2. Nf3 g6 3. d4 cxd4 4. Nxd4 Nc6 5. Nc3 Bg7 6. Nb3 d6 7. Be2 Nf6 8. O-O O-O 9. Bg5 Be6 10. Kh1 a5 11. a4 Nb4 12. f4 Qc8 13. Nd4 Bc4 14. Ndb5 Bxe2 15. Qxe2 Re8 16. Rad1 Qc6 17. Rd2 Rad8 18. Rfd1 Nd7 19. Nd5 Nxd5 20. exd5 Qc5 21.
c3 Nf6 22. Bh4 Rc8 23. Bf2 Qc4 24. Qxc4 Rxc4 25. Rd4 Rec8 26. b3 Rxd4 27. Bxd4 Ng4 28. Kg1 Bxd4+ 29. Rxd4 Nf6 30. c4 b6 31. h3 h5 32. g3 Kg7 33. Kf2 Nd7 34. Rd3 Nc5 35. Re3 Kf6 36. Nd4 Rg8 37. g4 hxg4 38. hxg4 Rh8 39. g5+ Kg7 40. Rxe7 Rh3 41. Ne6+ Kg8 42. Re8+ Kh7 43. Nd8 Nd3+ 44. Kf1 Nxf4 45. Nxf7 Rf3+ 46.
Kg1 Nh3+ 47. Kg2 Nxg5 48. Nxg5+ Kh6 49. Nxf3 g5 50. Re6+ Kh5 51. Rxd6 g4 52. Rxb6 gxf3+ 53. Kxf3 Kg5 54. d6 Kf5 1-0

[Event "*** SCC Grand Prix: Titled Tuesday Blitz"]
[Site "Chess.com"]
[Date "2020.08.04"]
[Round "2"]
[White "pooh2012"]
[Black "harkerchess"]
[Result "1-0"]
[WhiteElo "2408"]
[BlackElo "2111"]
[TimeControl "180+1"]
[EndTime "14:03:03 PDT"]
[Termination "pooh2012 won by checkmate"]

1. d4 c6 2. Bf4 Nf6 3. Nc3 d5 4. e3 Bf5 5. f3 e6 6. g4 Bg6 7. h4 h6 8. Qd2 Bd6 9. Nge2 Qc7 10. Bg2 Nbd7 11. Bxd6 Qxd6 12. Nf4 Bh7 13. g5 Ng8 14.
Nh5 Qf8 15. e4 O-O-O 16. O-O-O Bg6 17. Nf4 Ne7 18. h5 hxg5 19. hxg6 gxf4 20. Rxh8 Qxh8 21. gxf7 g5 22. Rh1 Qg7 23. Rh5 Nf6 24. Rh2 Qxf7 25. e5 Nd7 26. Bh3 Nf5 27. Qf2 Ne3 28. Qg1 Rg8 29. Bg4 Nf8 30. Rh6 Ng6 31. Bh5 Kd7 32. Qxg5 Qf5 33. Qxf5 Nxf5 34. Rxg6 Rxg6 35. Bxg6 Nxd4 36.
Bh5 Ke7 37. Kd2 Kf8 38. Kd3 c5 39. Ne2 Nxe2 40. Kxe2 Kg7 41. Bg4 Kf7 42. Kd3 b5 43. b4 cxb4 44. Kd4 a5 45. Kc5 Kg6 46. Kxb5 Kg5 47.
Kxa5 Kh4 48. Kxb4 Kg3 49. Kc3 Kf2 50. Kd4 Ke2 51. a4 Kd2 52. a5 Kxc2 53. a6 Kb2 54. a7 Ka2 55. a8=Q+ Kb2 56. Qc6 Kb3 57. Qxe6 Kb4 58. Qxd5 Ka4 59. Qb7 Ka5 60. Kc5 Ka4 61. Qb4# 1-0

[Event "*** SCC Grand Prix: Titled Tuesday Blitz"]
[Site "Chess.com"]
[Date "2020.08.04"]
[Round "2"]
[White "DanielRensch"]
[Black "Sanan_Sjugirov"]
[Result "1-0"]
[WhiteElo "2567"]
[BlackElo "2832"]
[TimeControl "180+1"]
[EndTime "14:03:05 PDT"]
[Termination "DanielRensch won on time"]

1. e4 c5 2. Nf3 d6 3. d4 cxd4 4. Nxd4 Nf6 5. Nc3 a6 6. Be3 e5 7.
Nb3 Be6 8. f3 h5 9. Qd2 Nbd7 10.
O-O-O Rc8 11. h3 h4 12. Bd3 b5 13. Rhe1 Be7 14. f4 Qc7 15. Kb1 Nb6 16. f5 Nc4 17. Bxc4 Bxc4 18. Bg5 b4 19. Nd5 Bxd5 20. Bxf6 Bxb3 21.
cxb3 Bxf6 22. Rc1 Qd7 23. Rxc8+ Qxc8 24. Qxd6 Qd8 25. Qxb4 a5 26. Qb5+ Kf8 27. a4 Kg8 28. b4 axb4 29. a5 Kh7 30. Rc1 Qd4 31. a6 Qxe4+ 32.
Ka2 Ra8 33. Rc7 b3+ 34. Kxb3 Qxg2 35. Rxf7 e4 36. Rxf6 Qg3+ 37. Ka2 Rb8 38. Rb6 Ra8 39. Qd5 Re8 40. f6 Qg6 41. f7 1-0

[Event "*** SCC Grand Prix: Titled Tuesday Blitz"]
[Site "Chess.com"]
[Date "2020.08.04"]
[Round "2"]
[White "DaggiGretarsson"]
[Black "Jospem"]
[Result "0-1"]
[WhiteElo "2610"]
[BlackElo "2933"]
[TimeControl "180+1"]
[EndTime "14:03:06 PDT"]
[Termination "Jospem won by checkmate"]

1. d4 Nf6 2. c4 e6 3. Nc3 Bb4 4. Qc2 d6 5. Nf3 Nbd7 6. a3 Bxc3+ 7. Qxc3 b6 8. Bg5 Bb7 9. Nd2 h6 10.
Bh4 c5 11. f3 Rc8 12. e3 O-O 13. Be2 d5 14. cxd5 Nxd5 15. Bxd8 Nxc3 16. Be7 Rfe8 17. bxc3 Rxe7 18. Nc4 Nf6 19. Nd6 Rd8 20. Nxb7 Rxb7 21. Ba6 Rc7 22. Kf2 Kf8 23. Rhc1 Ke7 24. a4 Nd5 25.
Ke2 f5 26. g3 Rb8 27. Kd3 cxd4 28. exd4 Rd8 29. Bc4 Rd6 30. a5 Kf6 31. Bxd5 Rxd5 32. axb6 axb6 33. Rcb1 Rc6 34. Ra6 Rdd6 35. Rb5 Kg6 36.
f4 Kf6 37. h3 g5 38. c4 Kg6 39. d5 exd5 40. cxd5 Kh5 41. Kd4 Rc1 42. Raxb6 Rd8 43. Ke5 gxf4 44. gxf4 Re1+ 45. Kxf5 Re3 46. d6 Rf8# 0-1

[Event "*** SCC Grand Prix: Titled Tuesday Blitz"]
[Site "Chess.com"]
[Date "2020.08.04"]
[Round "2"]
[White "Isajevsky_Anton"]
[Black "GM_dmitrij"]
[Result "0-1"]
[WhiteElo "2581"]
[BlackElo "2884"]
[TimeControl "180+1"]
[EndTime "14:03:06 PDT"]
[Termination "GM_dmitrij won by resignation"]

1. c4 Nf6 2. Nc3 g6 3. g3 Bg7 4.
Bg2 O-O 5. e4 d6 6. Nge2 c5 7. O-O Nc6 8. Rb1 Ne8 9. a3 a5 10.
d3 Nc7 11. Be3 Nd4 12. h3 Bd7 13. a4 Nce6 14. f4 f5 15. Kh2 Bc6 16. Ng1 Qd7 17. Nb5 Rae8 18. Ne2 b6 19. Nec3 Nc7 20. Rf2 e6 21. Qh1 Ncxb5 22. axb5 Ba8 23. Re1 h6 24. h4 Kh7 25. Bc1 Nb3 26. Be3 Bf6 27. Kg1 Kg7 28. h5 g5 29. fxg5 hxg5 30. exf5 Bxg2 31. fxe6 Rxe6 32. Qxg2 Rfe8 33. h6+ Kh8 34. Rfe2 Rxe3 35. Rxe3 Bd4 36. Nd1 Qh7 37. Qh3 Qxd3 38. Qd7 Rxe3 39. Rxe3 Bxe3+ 40. Nxe3 Qxe3+ 41. Kh2 Qe2+ 42. Kg1 Qe5 43. Qf7 Nd4 44. h7 Qg7 45. Qe8+ Kxh7 46. Qe4+ Qg6 47. Qe7+ Kh6 0-1

[Event "*** SCC Grand Prix: Titled Tuesday Blitz"]
[Site "Chess.com"]
[Date "2020.08.04"]
[Round "2"]
[White "anpospan"]
[Black "Anna_ChessMate"]
[Result "0-1"]
[WhiteElo "2320"]
[BlackElo "2606"]
[TimeControl "180+1"]
[EndTime "14:03:06 PDT"]
[Termination "Anna_ChessMate won on time"]

1. Nc3 d5 2. e4 c6 3. Nf3 Bg4 4. h3 Bxf3 5. Qxf3 Nf6 6. exd5 cxd5 7. Bb5+ Nc6 8. O-O e6 9. d3 Be7 10. Bxc6+ bxc6 11. Bf4 O-O 12. b3 c5 13. Ne2 d4 14.
Ng3 Nd5 15. Ne4 a5 16. a4 h6 17. Rae1 Qd7 18. Be5 f6 19. Bh2 e5 20. Ng3 g6 21.
Ne4 Kg7 22. Nd2 Nb4 23. Rc1 Qd5 24. Qxd5 Nxd5 25. Nc4 g5 26. g4 Kg6 27. Kg2 h5 28.
Rh1 Ra6 29. Bg3 h4 30. Bh2 Rb8 31. Kf3 Rb4 32. Ke4 Nc3+ 33. Kf3 e4+ 34. dxe4 Nxa4 35. e5 Nc3 36. Rhe1 f5 37. gxf5+ Kxf5 38. Nd6+ Ke6 39. Ne4 Nxe4 40. Kxe4 a4 41. f4 gxf4 42. Rg1 Ra8 43. Rg6+ Kf7 44. Kf5 Rf8 45. e6+ Ke8+ 46. Ke5 f3 47.
Kd5 f2 48. Rf1 axb3 49. cxb3 Rxb3 50. Be5 Re3 51. Rb1 Rxe5+ 52. Kxe5 f1=Q 53. Rxf1 Rxf1 54. Rg8+ Rf8 0-1

[Event "*** SCC Grand Prix: Titled Tuesday Blitz"]
[Site "Chess.com"]
[Date "2020.08.04"]
[Round "2"]
[White "ArjunErigaisi2003"]
[Black "XDPS"]
[Result "1-0"]
[WhiteElo "3044"]
[BlackElo "2672"]
[TimeControl "180+1"]
[EndTime "14:03:08 PDT"]
[Termination "ArjunErigaisi2003 won on time"]

1. c4 c6 2. Nf3 d5 3. e3 Nf6 4. Nc3 e6 5. b3 Bd6 6. Bb2 O-O 7.
d4 Nbd7 8. Bd3 e5 9. cxd5 cxd5 10. dxe5 Nxe5 11. Nxe5 Bxe5 12. f4 Bc7 13. O-O Re8 14. Nb5 Bb6 15. Bd4 a6 16. Nc3 Bxd4 17. exd4 Qb6 18.
Kh1 Ng4 19. Nxd5 Qh6 20. h3 Ne3 21. Nxe3 Bxh3 22. Qd2 Rad8 23. Kg1 Bc8 24. Rac1 g6 25. Bb1 Qg7 26. d5 b5 27. Rc7 Qf6 28. Qc3 Qb6 29. Rf3 Bg4 30. Rg3 Rxd5 31. Rc6 Qa7 32. Kh2 Bd7 33. Rc7 Rh5+ 34. Kg1 Qb6 35. Rxd7 Rc5 36. Qd2 Qc6 37. Kh2 Rh5+ 38. Rh3 Rc5 39. Ng4 h5 40. Nh6+ Kh8 41. Nxf7+ Kg8 42. Ne5 1-0

[Event "*** SCC Grand Prix: Titled Tuesday Blitz"]
[Site "Chess.com"]
[Date "2020.08.04"]
[Round "2"]
[White "guillembaches"]
[Black "Marreuh"]
[Result "0-1"]
[WhiteElo "2397"]
[BlackElo "2131"]
[TimeControl "180+1"]
[EndTime "14:03:08 PDT"]
[Termination "Marreuh won on time"]

1. e4 c5 2. Nf3 d6 3. d4 cxd4 4. Nxd4 Nf6 5. Nc3 a6 6. Be2 e5 7.
Nf3 Be7 8. Bg5 Nbd7 9. a4 b6 10. Nd2 Bb7 11. Bc4 Rc8 12. Qe2 Nc5 13. Bxf6 Bxf6 14.
Nd5 O-O 15. O-O Bg5 16. Nb3 Ne6 17. c3 Bxd5 18. Bxd5 Nf4 19. Qxa6 Nxd5 20. exd5 f5 21.
a5 bxa5 22. Nxa5 Ra8 23. Qb5 Rb8 24. Qe2 Qb6 25. b4 f4 26. Nc4 f3 27. Qe4 Qc7 28.
h4 Rf4 29. Qe3 fxg2 30. Rfd1 Bxh4 31. Ra2 Qxc4 32. Re2 Bg5 33. Qg3 Rg4 34. Qd3 Qf4 35. f3 Rh4 36. Rxg2 Bf6 37. b5 Qc4 38. Qf5 Kh8 39.
b6 Qc5+ 40. Kf1 Qxb6 0-1

[Event "*** SCC Grand Prix: Titled Tuesday Blitz"]
[Site "Chess.com"]
[Date "2020.08.04"]
[Round "2"]
[White "Bodnar_Mykola"]
[Black "BJthechessgod"]
[Result "1-0"]
[WhiteElo "2447"]
[BlackElo "2246"]
[TimeControl "180+1"]
[EndTime "14:03:10 PDT"]
[Termination "Bodnar_Mykola won on time"]

1. e4 c5 2. Nf3 Nc6 3. d4 cxd4 4. Nxd4 g6 5. c4 Nf6 6. Nc3 d6 7. Be3 Ng4 8. Bc1 Qb6 9. f3 Qxd4 10. fxg4 Qxd1+ 11. Nxd1 Bxg4 12. Ne3 Be6 13. Bd2 Bg7 14. O-O-O Rc8 15.
Kb1 Ne5 16. b3 Ng4 17. Nxg4 Bxg4 18. Re1 Kd7 19. Bd3 Be6 20. Rhf1 Be5 21. h3 h5 22. Bf4 Bxf4 23. Rxf4 Rc5 24. Kb2 Rg5 25. Re2 Rg3 26. Bc2 Rc8 27. Rff2 Rc5 28. Rd2 a6 29.
Rfe2 b5 30. cxb5 axb5 31. e5 d5 32. Rd4 Rgc3 33. Bd3 b4 34. Rd2 Bf5 35. Bxf5+ gxf5 36. Rxd5+ Ke6 37. R5d4 Rb5 38. Rxb4 Rxb4 39. Kxc3 Re4 40. a4 Rxe5 41. b4 Re3+ 42. Kc4 Re4+ 43. Kb5 Re5+ 44. Ka6 Re4 45. Ka5 f4 46. b5 Re3 47.
b6 Rb3 48. Rd4 Ke5 49. Rb4 Rd3 50. b7 Rd5+ 51. Rb5 Rxb5+ 52. Kxb5 1-0

[Event "*** SCC Grand Prix: Titled Tuesday Blitz"]
[Site "Chess.com"]
[Date "2020.08.04"]
[Round "2"]
[White "Azerichess"]
[Black "afgano29"]
[Result "1-0"]
[WhiteElo "3014"]
[BlackElo "2654"]
[TimeControl "180+1"]
[EndTime "14:03:12 PDT"]
[Termination "Azerichess won on time"]

1. d4 Nf6 2. c4 g6 3. Nf3 Bg7 4. Nc3 d5 5. cxd5 Nxd5 6. Bg5 Nb6 7. e3 h6 8. Bf4 Bg4 9. Rc1 c6 10. Be2 N8d7 11. O-O Bxf3 12. Bxf3 e5 13. Bg3 exd4 14. exd4 O-O 15. d5 Ne5 16. Bxe5 Bxe5 17. dxc6 bxc6 18. b3 Rc8 19. Ne4 Nd5 20. g3 Qa5 21. Qd2 Qxd2 22.
Nxd2 Nc3 23. Rc2 Rfd8 24. Rfc1 Nb5 25. Nc4 Bf6 26. Bg4 Rc7 27. Na5 Nd4 28. Rc4 h5 29.
Bd1 Re8 30. Kg2 Re1 31. Bf3 Rxc1 32. Rxc1 c5 33. b4 Ne6 34. b5 Nd4 35. a4 Be7 36. Nc6 Bf6 37. Rxc5 Ne6 38. Rc4 Kf8 39. Bd5 1-0

[Event "*** SCC Grand Prix: Titled Tuesday Blitz"]
[Site "Chess.com"]
[Date "2020.08.04"]
[Round "2"]
[White "RestartingChess"]
[Black "Gareth-Bale11"]
[Result "0-1"]
[WhiteElo "2493"]
[BlackElo "2761"]
[TimeControl "180+1"]
[EndTime "14:03:15 PDT"]
[Termination "Gareth-Bale11 won by checkmate"]

1. e4 g6 2. d4 Bg7 3. Nf3 d6 4. c3 Nd7 5. Be3 e5 6. h3 Ne7 7. Be2 O-O 8. dxe5 dxe5 9. Na3 h6 10. Qb3 Nc6 11. O-O-O Qe7 12. Nb5 Nf6 13. Qc2 Be6 14.
b4 b6 15. Bd2 a5 16. a3 Rfe8 17. Nh2 Red8 18. Ng4 h5 19. Nxf6+ Bxf6 20. Be3 Rdb8 21. g4 h4 22. Rhg1 Na7 23. Nxa7 Rxa7 24. Qb2 axb4 25. cxb4 Rba8 26. Rd3 Bc4 27. Rgd1 Bxd3 28. Rxd3 Bg5 29. Kb1 c5 30. b5 c4 31. Rc3 Bxe3 32. Rxe3 Rxa3 33. Rxa3 Qxa3 34. Bxc4 Qxb2+ 35. Kxb2 Rd8 36. Kc3 Kg7 37. Bd5 Rc8+ 38. Bc6 Kf6 39. Kc4 Ke6 40. Kd3 Rc7 41. Bd5+ Kd6 42. Ke3 Rc3+ 43. Ke2 Rxh3 44.
Bxf7 g5 45. Bd5 Kc5 46. Bc6 Kd4 47. Kf1 Ra3 48. Kg2 Kd3 49. Bd5 Ke2 50. Bc4+ Ke1 51.
f3 Rc3 52. Bd5 Rc2+ 53. Kh3 Kf2 54. f4 Rc1 55. Kh2 exf4 56. e5 Re1 57. e6 Re5 58.
Bc4 f3 59. Kh3 Ke1 60. Kh2 f2 61. Kg2 Rxe6 62. Bxe6 f1=Q+ 63. Kh2 Qf2+ 64. Kh3 Qg3# 0-1

[Event "*** SCC Grand Prix: Titled Tuesday Blitz"]
[Site "Chess.com"]
[Date "2020.08.04"]
[Round "2"]
[White "Rud_Makarian"]
[Black "spicycaterpillar"]
[Result "0-1"]
[WhiteElo "2651"]
[BlackElo "3004"]
[TimeControl "180+1"]
[EndTime "14:03:16 PDT"]
[Termination "spicycaterpillar won by resignation"]

1. d4 d5 2. c4 c6 3. Nf3 Nf6 4. Nc3 e6 5. Bg5 h6 6. Bh4 dxc4 7. e4 g5 8. Bg3 b5 9. h4 g4 10. Ne5 Nbd7 11. Be2 Bb7 12. O-O Rg8 13. Nxg4 Nxg4 14. Bxg4 Qb6 15. d5 O-O-O 16. dxe6 fxe6 17. Kh2 c5 18. a4 Nf6 19. Bh3 Rxd1 20. Rfxd1 b4 21.
a5 Qc6 22. Nb5 Qxb5 23. Bxe6+ Nd7 24. Bxg8 Qa6 25. Bh7 Bc6 26. Bf5 Kd8 27. Rxd7+ Bxd7 28. Rd1 c3 29. Rxd7+ Ke8 30. bxc3 b3 31. e5 b2 32. e6 Be7 33. Bf4 Qxe6 34. Bxe6 b1=Q 35. Rxa7 Qe4 36. Ra8+ Qxa8 37. Bc7 Bd8 38. Bxd8 Kxd8 39. a6 Qxa6 40. Bf5 Qa5 41. g3 Qxc3 42. Kg2 Qd4 43. g4 c4 44. g5 hxg5 45. hxg5 Qd5+ 0-1

[Event "*** SCC Grand Prix: Titled Tuesday Blitz"]
[Site "Chess.com"]
[Date "2020.08.04"]
[Round "2"]
[White "creativity"]
[Black "ketster"]
[Result "1/2-1/2"]
[WhiteElo "2001"]
[BlackElo "2379"]
[TimeControl "180+1"]
[EndTime "14:03:16 PDT"]
[Termination "Game drawn - insufficient material"]

1. d4 Nf6 2. c4 e6 3. Nc3 Bb4 4. Qc2 O-O 5. Nf3 d5 6. cxd5 exd5 7. Bg5 h6 8. Bxf6 Qxf6 9. e3 c6 10. Bd3 Bg4 11. Ne5 Be6 12. O-O Nd7 13. Nxd7 Bxd7 14. a3 Bd6 15. Rfe1 Qh4 16. g3 Qh5 17. b4 Qg5 18. b5 h5 19. bxc6 bxc6 20. Na4 h4 21. Nc5 Bh3 22. f4 Qh6 23. Bf5 hxg3 24. hxg3 g6 25.
Bxh3 Qxh3 26. Qg2 Qxg2+ 27. Kxg2 Bxc5 28. dxc5 Rab8 29. Rab1 f5 30. Kf3 Kg7 31. g4 Kf6 32. g5+ Kg7 33. Red1 Rh8 34. Rb4 a5 35. Rb6 Rxb6 36.
cxb6 Rb8 37. Rb1 Kf7 38. Ke2 Ke6 39. Kd3 Kd6 40. b7 c5 41. Rb6+ Kc7 42. Rxg6 Kxb7 43.
Rd6 c4+ 44. Kc3 Kc7 45. Rxd5 Rb3+ 46. Kxc4 Rxa3 47. Rxf5 Rxe3 48. g6 Rg3 49. Rf7+ Kd6 50. g7 Ke6 51. Ra7 a4 52. Rxa4 Rxg7 53. Ra5 Rf7 54.
f5+ Rxf5 55. Rxf5 Kxf5 1/2-1/2

[Event "*** SCC Grand Prix: Titled Tuesday Blitz"]
[Site "Chess.com"]
[Date "2020.08.04"]
[Round "2"]
[White "icychess54"]
[Black "Shota_Azaladze"]
[Result "0-1"]
[WhiteElo "2276"]
[BlackElo "2684"]
[TimeControl "180+1"]
[EndTime "14:03:18 PDT"]
[Termination "Shota_Azaladze won by resignation"]

1. c4 g6 2. Nf3 Bg7 3. e3 c5 4. Nc3 Nf6 5. d4 O-O 6. Be2 d6 7. O-O Nc6 8. b3 cxd4 9. Nxd4 Nxd4 10. exd4 d5 11. c5 Nd7 12. Bf3 e6 13. Bf4 Nxc5 14. Nxd5 exd5 15. dxc5 Bxa1 16. Qxa1 f6 17. Bd6 Re8 18.
Bxd5+ Kg7 19. h4 a5 20. h5 Ra6 21. Qc1 g5 22. Rd1 Bg4 23. f3 Bc8 24. a4 Rxd6 25.
cxd6 Qxd6 26. Bxb7 Qb6+ 27. Kh1 Qxb7 28. Qc5 Qf7 29.
Qxa5 Qxh5+ 30. Kg1 Qf7 31. Rc1 Qxb3 32. Rc7+ Kg6 33.
Qa7 Bf5 34. Rg7+ Kh6 35. Rf7 Qe3+ 36. Qxe3 Rxe3 37. Rxf6+ Bg6 38. Ra6 Ra3 39. a5 Ra2 40. Kh2 g4 41. fxg4 Kg5 42. Kh3 Ra3+ 43. g3 Ra2 44.
Re6 Rxa5 45. Re2 Ra4 46. Re5+ Kf6 47. Rb5 Ra1 48. Rb6+ Kg7 49. Rb5 Bf7 50. g5 Be6+ 51.
g4 Ra4 52. Rb7+ Bf7 53. Rb6 Re4 54. Kh4 Be6 55. Rb7+ Kg6 56. Rb6 Rxg4+ 57. Kh3 Re4+ 58. Kg3 Kxg5 59. Rb5+ Bf5 60. Rb8 h5 61. Rg8+ Bg6 62.
Rb8 h4+ 63. Kh2 Re2+ 64. Kg1 h3 65. Rb5+ Kf4 66. Rb2 Rxb2 0-1

[Event "*** SCC Grand Prix: Titled Tuesday Blitz"]
[Site "Chess.com"]
[Date "2020.08.04"]
[Round "2"]
[White "Grandmaster2B"]
[Black "Sn00pPawn"]
[Result "1-0"]
[WhiteElo "2382"]
[BlackElo "1948"]
[TimeControl "180+1"]
[EndTime "14:03:18 PDT"]
[Termination "Grandmaster2B won by checkmate"]

1. e4 c5 2. Nf3 d6 3. d4 cxd4 4. Nxd4 Nf6 5. Nc3 a6 6. f3 e5 7.
Nb3 Be7 8. Be3 O-O 9. Qd2 Be6 10. O-O-O b5 11. g4 Nbd7 12. h4 Nb6 13. Qf2 Nfd7 14. Kb1 Nc4 15. Bxc4 bxc4 16. Nc1 Rb8 17. Nd5 Re8 18.
Nxe7+ Qxe7 19. Ne2 Nc5 20. Nc3 Qb7 21. Bc1 Red8 22.
Ka1 a5 23. Rd2 a4 24. a3 Qc6 25. Rhd1 Rb7 26. Nd5 Rdb8 27. Nb4 Rxb4 28. axb4 Nb3+ 29.
Kb1 Nxd2+ 30. Qxd2 Rd8 31. h5 h6 32. g5 hxg5 33.
Qxg5 c3 34. Qxd8+ Kh7 35. Qxd6 Qc4 36. Rd5 Bxd5 37. Qxd5 Qe2 38. bxc3 Qxf3 39. Qxe5 f6 40. Qf5+ Qxf5 41. exf5 Kg8 42. b5 Kf7 43. b6 Ke7 44. b7 Kd7 45. b8=Q Kc6 46. Qh8 Kd5 47. Qxg7 Kc4 48. h6 Kxc3 49. h7 Kc4 50. h8=Q Kb5 51.
Qb8+ Kc6 52. Qgc7+ Kd5 53. Qbd8+ Ke4 54. Qce7+ Kxf5 55.
Qd5+ Kg4 56. Qee4+ Kg3 57. Qdd3+ Kh2 58. Qee2+ Kg1 59. Qdd1# 1-0

[Event "*** SCC Grand Prix: Titled Tuesday Blitz"]
[Site "Chess.com"]
[Date "2020.08.04"]
[Round "2"]
[White "Carnivoras"]
[Black "SantoBlue"]
[Result "1-0"]
[WhiteElo "2611"]
[BlackElo "2909"]
[TimeControl "180+1"]
[EndTime "14:03:19 PDT"]
[Termination "Carnivoras won on time"]

1. d4 d6 2. Nf3 c5 3. dxc5 Qa5+ 4.
Nc3 Qxc5 5. e4 Nf6 6. Bb5+ Nc6 7. O-O a6 8. Be3 Qh5 9. Ba4 b5 10. Bb3 Bg4 11. h3 Bxf3 12. Qxf3 Qxf3 13. gxf3 g6 14. Nd5 Nxd5 15. Bxd5 Rc8 16. c3 Bg7 17. f4 O-O 18. f5 gxf5 19. exf5 Kh8 20. Kh1 Ne5 21. Rae1 Bf6 22.
Bd4 Nd3 23. Rxe7 Bxd4 24. cxd4 Kg7 25. Rd7 Rc2 26. f6+ Kxf6 27. Be4 Rd2 28. Bxd3 Rxd3 29. Rxd6+ Ke7 30. Rxa6 Rg8 31. Rh6 Rxd4 32. Rxh7 Rd2 33.
b3 Rxa2 34. Rh5 Rb8 35. Re1+ Kf6 36. Kg2 Rg8+ 37. Kf3 b4 38. Re4 Rb8 39. Rhh4 Rb2 40. Rhf4+ Kg6 41. Re3 f6 42. Kg3 Kf7 43. Ref3 Rb6 44.
h4 Rb1 45. Kh2 Rb2 46. h5 Kg7 47. Rg3+ Kf7 48. h6 Rd2 49. Rg7+ Ke6 50. h7 1-0